 Dungeon Crawl Stone Soup version 0.25.0-26-g0c896c7088 (webtiles) character file.

Game seed: 15381189158938249717

1774 protoss039 the Thaumaturge (level 8, -2/44 HPs)
             Began as a Deep Elf Fire Elementalist on July 4, 2020.
             Was a Follower of Vehumet.
             Slain by a killer bee (6 damage)
             ... on level 7 of the Dungeon on July 5, 2020.
             The game lasted 00:36:48 (9415 turns).

protoss039 the Thaumaturge (DEFE)                   Turns: 9415, Time: 00:36:49

Health: -2/44      AC:  4    Str: 11    XL:     8   Next: 80%
Magic:  7/23       EV: 13    Int: 23    God:    Vehumet [*.....]
Gold:   295        SH:  0    Dex: 15    Spells: 3/25 levels left

rFire    + . .     SeeInvis .   e - +0 short sword
rCold    x . .     Gourm    .   (no shield)
rNeg     . . .     Faith    .   a - +0 robe
rPois    .         Spirit   .   (no helmet)
rElec    .         Reflect  .   n - +0 cloak
rCorr    .         Harm     .   (no gloves)
MR       .....                  B - +0 pair of boots
Stlth    ++........             t - amulet of regeneration
HPRegen  0.54/turn              p - ring of fire
MPRegen  0.18/turn              y - +6 ring of strength

@: lethally poisoned (-2 -> -2)
A: no striking features
a: Renounce Religion


You were on level 7 of the Dungeon.
You worshipped Vehumet.
Vehumet was aware of your devotion.
You were not hungry.

You visited 2 branches of the dungeon, and saw 8 of its levels.

You collected 295 gold pieces.

Inventory:

Hand Weapons
 e - a +0 short sword (weapon)
 C - a +5 dire flail of protection
Armour
 a - a +0 robe (worn)
 n - a +0 cloak (worn)
 B - a +0 pair of boots (worn)
Jewellery
 p - a ring of fire (left hand)
 t - an amulet of regeneration (around neck)
 y - a +6 ring of strength (right hand)
Scrolls
 d - 2 scrolls of fear
 j - 4 scrolls of remove curse
 k - 2 scrolls of fog
 l - 2 scrolls of blinking
 s - 2 scrolls of enchant armour
 u - 2 scrolls of teleportation
 D - a scroll of amnesia
Potions
 b - 6 potions of curing {unknown}
 f - a potion of lignification {unknown}
 g - 5 potions of might {unknown}
 h - 3 potions of degeneration {unknown}
 i - 2 potions of stabbing {unknown}
 m - 2 potions of ambrosia {unknown}
 o - a potion of berserk rage {unknown}
 q - a potion of resistance {unknown}
 v - a potion of brilliance {unknown}
 w - 3 potions of haste {unknown}
 x - a potion of heal wounds {unknown}
 A - a potion of flight {unknown}
Comestibles
 c - 8 rations
 z - 11 chunks of flesh


   Skills:
 + Level 1.9 Fighting
 - Level 2.4 Dodging
 - Level 3.0 Stealth
 + Level 9.4 Spellcasting
 + Level 6.0 Conjurations
 + Level 1.0 Hexes
 + Level 7.8 Fire Magic


You had 3 spell levels left.
You knew the following spells:

 Your Spells              Type           Power        Failure   Level  Hunger
a - Foxfire               Conj/Fire      ####         1%          1    None
b - Conjure Flame         Conj/Fire      ######..     1%          3    None
c - Inner Flame           Hex/Fire       #####...     3%          3    None
d - Sticky Flame          Conj/Fire      ######..     3%          4    ##.....
e - Fireball              Conj/Fire      ######....   10%         5    ####...
f - Searing Ray           Conj           #####.       1%          2    None
g - Fulminant Prism       Conj/Hex       ####......   14%         4    ##.....

Your spell library contained the following spells:

 Spells                   Type           Power        Failure   Level  Hunger
 Shock                    Conj/Air       ###.         1%          1    None
 Magic Dart               Conj           ####         1%          1    None
 Corona                   Hex            ###....      3%          1    None
 Dazzling Flash           Conj/Hex       ####..       4%          3    None
 Ensorcelled Hibernation  Hex/Ice        ##....       8%          2    None
 Confusing Touch          Hex            ###.....     12%         3    None
 Tukima's Dance           Hex            ###.....     12%         3    None
 Iskenderun's Mystic Bla  Conj/Tloc      ###.....     17%         4    ##.....


Dungeon Overview and Level Annotations

Branches:
Dungeon (7/15)             Temple (1/1) D:4

Altars:
Ashenzari
Dithmenos
Elyvilon
Fedhas
Gozag
Hepliaklqana
Kikubaaqudgha
Makhleb
Nemelex Xobeh
Trog
Uskayaw
Vehumet
Xom
Zin
The Shining One

Annotations:
D:2 1 exclusion, Terence
D:3 Sigmund
D:5 Eustachio


Message History

Unknown command.
You feel sick. The killer bee barely misses you.
The killer bee smothers the flame.
Unknown command.
Casting: Conjure Flame (safe; 1% risk of failure)
Confirm with . or Enter, or press ? or * to list all spells.
Aiming: Sticky Flame (dangerous; 3% risk of failure)
Press: ? - help, Shift-Dir - straight line, f - killer bee
Aim: a killer bee You feel a surge of power!
The sticky flame hits the killer bee.
The killer bee is moderately wounded.
The killer bee is covered in liquid flames!
The killer bee burns!
The killer bee stings you. The killer bee stings you!
* * * LOW HITPOINT WARNING * * *
Casting: Sticky Flame (dangerous; 3% risk of failure)
Confirm with . or Enter, or press ? or * to list all spells.
You feel a surge of power!
You conjure some foxfire!
You feel sick.
The killer bee burns!
The killer bee barely misses you. The killer bee stings you.
You die...

###
#.################
#..y@v...........####
#.##############.....
##.# #..###
#..######.# #..#
########.##....%.#
#..# ........_†..####
#..# ########.#%...<#
#..# .....%.######
#..# .....#... #..#


You could see a killer bee (burning).

Vanquished Creatures
  2 ice beasts (D:6)
  4 sky beasts
  2 ogres (D:6)
  A phantom (D:4)
  Blork the orc (D:6)
  A bullfrog (D:6)
  2 scorpions
  2 killer bees (D:7)
  A quasit (D:5)
  3 hounds
  A centaur skeleton (D:6)
  3 bullfrog skeletons
  An iguana (D:4)
  An orc wizard (D:5)
  4 worker ants
  9 adders
  3 gnolls (D:4)
  A shadow imp (D:5)
  An ooze (D:4)
  3 worms
  2 dart slugs (D:1)
  4 leopard geckos
  16 orcs
  2 ball pythons
  4 bats
  5 giant cockroaches
  11 goblins
  9 hobgoblins
  15 jackals
  A quokka (D:6)
  5 frilled lizards
  11 kobolds
  A quokka skeleton (D:4)
  5 rats
137 creatures vanquished.

Vanquished Creatures (collateral kills)
  A rat (D:1)
1 creature vanquished.

Vanquished Creatures (others)
  283 foxfires
283 creatures vanquished.

Grand Total: 421 creatures vanquished

Notes
Turn   | Place    | Note
-------+----------+-------------------------------------------
     0 | D:1      | protoss039 the Deep Elf Fire Elementalist began the quest
                  | for the Orb.
     0 | D:1      | Reached XP level 1. HP: 10/10 MP: 6/6
   279 | D:1      | Reached XP level 2. HP: 15/15 MP: 6/8
   654 | D:1      | Reached skill level 4 in Spellcasting
   896 | D:1      | Reached XP level 3. HP: 19/19 MP: 8/10
  1249 | D:1      | Learned a level 3 spell: Conjure Flame
  1361 | D:2      | Noticed Terence
  1367 | D:2      | Learned a level 3 spell: Inner Flame
  1446 | D:2      | Found a burning altar of Makhleb.
  1775 | D:2      | Reached XP level 4. HP: 14/24 MP: 7/12
  2206 | D:2      | Found a glowing golden altar of the Shining One.
  2271 | D:2      | Noticed a balrug
  2275 | D:2      | Noticed a hellwing
  2275 | D:2      | Noticed a neqoxec
  2880 | D:2      | Learned a level 4 spell: Sticky Flame
  2919 | D:3      | Noticed Sigmund
  3204 | D:3      | Reached skill level 5 in Spellcasting
  3313 | D:3      | Found a blossoming altar of Fedhas.
  3660 | D:3      | Reached XP level 5. HP: 9/28 MP: 0/14
  4606 | D:4      | Found a staircase to the Ecumenical Temple.
  4623 | Temple   | Entered the Ecumenical Temple
  4850 | Temple   | Became a worshipper of Vehumet
  4956 | D:4      | Found an opulent altar of Gozag.
  5282 | D:4      | Reached XP level 6. HP: 26/32 MP: 9/16
  5531 | D:4      | Reached skill level 6 in Spellcasting
  5531 | D:4      | Reached skill level 5 in Fire Magic
  5943 | D:4      | Learned a level 5 spell: Fireball
  5944 | D:5      | Entered Level 5 of the Dungeon
  6206 | D:5      | Noticed Eustachio
  6801 | D:5      | Reached XP level 7. HP: 37/37 MP: 17/19
  7076 | D:5      | Learned a level 2 spell: Searing Ray
  7326 | D:5      | Reached skill level 1 in Fighting
  7326 | D:5      | Reached skill level 7 in Spellcasting
  7611 | D:6      | Reached * piety under Vehumet
  7611 | D:6      | Offered knowledge of Shock by Vehumet.
  8087 | D:6      | Reached XP level 8. HP: 43/43 MP: 16/21
  8119 | D:6      | Noticed Blork the orc
  8156 | D:6      | Killed Blork the orc
  8156 | D:6      | Reached skill level 8 in Spellcasting
  8156 | D:6      | Reached skill level 5 in Conjurations
  8813 | D:6      | Reached skill level 9 in Spellcasting
  9362 | D:7      | Found a shattered altar of Ashenzari.
  9368 | D:7      | Learned a level 4 spell: Fulminant Prism
  9393 | D:7      | Reached skill level 1 in Hexes
  9415 | D:7      | Slain by a killer bee

Illustrated notes

Levels and vault maps discovered:
D:1:      roderic_crop_circles_arrival_small, layout_loops_cross
D:2:      kennysheep_the_goblin_king, layout_basic, tso_oasis_becter,
          first_ration, makhleb_altar_promises_db, uniq_terence
D:3:      layout_basic, nrook_loot_triangle, minivault_23, fedhas_altar_4,
          uniq_sigmund
D:4:      layout_loops_ring, nicolae_gozag_cash_rules_everything_around_me,
          minmay_temple_entry_slanted
D:5:      layout_basic, uniq_eustachio
D:6:      layout_loops_corners, glass_columns_a, uniq_blork_the_orc
D:7:      layout_basic, ashenzari_altar_1, minmay_overflow_temple_star_quad,
          grunt_livestock, chequers_serial_rivers_small_a,
          kennysheep_generic_room_4, uniq_joseph
Temple:   minmay_temple_curvy_loop

Skill      XL: |  1  2  3  4  5  6  7  8 |
---------------+-------------------------+-----
Spellcasting   | 4 5 6 7 9 |  9.4
Fire Magic     | 4 5 6 7 |  7.8
Conjurations   | 2 3 4 6 |  6.0
Stealth        | 3 |  3.0
Fighting       | 1 |  1.9
Hexes          | 1 |  1.0
Dodging        | |  2.4

Action                   |  1- 3 |  4- 6 |  7- 9 || total
-------------------------+-------+-------+-------++-------
Melee: Short sword       |     8 |    91 |    26 ||   125
 Cast: Foxfire           |    64 |    99 |    31 ||   194
       Conjure Flame     |     3 |     4 |    10 ||    17
       Sticky Flame      |       |    17 |    30 ||    47
       Fireball          |       |       |     1 ||     1
       Inner Flame       |       |       |     7 ||     7
  Use: Scroll            |       |       |    10 ||    10
 Stab: Sleeping          |       |     1 |       ||     1
  Eat: Chunk             |     3 |    11 |    11 ||    25
       Ration            |       |     2 |       ||     2
Armor: Robe              |     4 |    25 |    21 ||    50
Dodge: Dodged            |    24 |   105 |    91 ||   220
